 Dungeon Crawl Stone Soup version 0.31-a0-339-gda1cbd555d (webtiles) character file.

Game seed: 10023901054385750807

19 anansati the Vexing (level 2, -2/21 HPs)
             Began as a Vampire Hexslinger on July 21, 2023.
             Slain by an adder (4 damage)
             ... on level 2 of the Dungeon.
             The game lasted 00:01:05 (909 turns).

anansati the Vexing (Vampire Hexslinger)             Turns: 909, Time: 00:01:07

Health: -2/21      AC:  2    Str:  7    XL:     2   Next: 55%
Magic:  3/3        EV: 12    Int: 15    God:
Gold:   85         SH:  0    Dex: 16    Spells: 2/3 levels left

rFire   . . .        a - +1 sling
rCold   . . .        (no shield)
rNeg    . . .        c - +0 robe
rPois   .            (no helmet)
rElec   .            (no cloak)
rCorr   .            (no gloves)
SInv    +            (no boots)
Will    .....        (no amulet)
Stlth   +            (no ring)
HPRegen 0.43/turn    (no ring)
MPRegen 0.08/turn

%: no passive effects
@: healing quickly
A: alive, fangs 3, see invisible, vampiric 1
a: Exsanguinate


You were on level 2 of the Dungeon.
You visited 1 branch of the dungeon, and saw 2 of its levels.

You collected 85 gold pieces.

Inventory:

Hand Weapons
 a - a +1 sling (weapon)
Armour
 c - a +0 robe (worn)
Scrolls
 b - a scroll of poison
 e - a scroll of vulnerability {unknown}
 f - a scroll of immolation {unknown}
Potions
 d - a potion of cancellation {unknown}
 g - a potion of curing {unknown}


   Skills:
 + Level 1.2 Fighting
 * Level 2.0 Ranged Weapons
 + Level 2.5 Dodging
 - Level 1.0 Spellcasting
 + Level 4.7 Hexes


You had 2 spell levels left.
You knew the following spells:

 Your Spells              Type           Power      Damage    Failure   Level
a - Slow                  Hex            56%        N/A       3%          1

Your spell library contained the following spells:

 Spells                   Type           Power      Damage    Failure   Level
 Inner Flame              Hex/Fire       7%         N/A       28%         3
 Portal Projectile        Hex/Tloc       14%        N/A       28%         3
 Cause Fear               Hex            7%         N/A       34%         4


Dungeon Overview and Level Annotations

Branches:
Dungeon (2/15)

Altars:


Innate Abilities, Weirdness & Mutations

Your natural rate of healing is accelerated.
You have razor-sharp teeth.
You have supernaturally acute eyesight. (SInv)
You are afflicted with vampirism.


Message History

You feel sick.
You are no longer poisoned.
The adder bites you but does no damage.
You are too injured to fight recklessly!
You are too injured to fight recklessly!
You are too injured to fight recklessly!
You are too injured to fight recklessly!
You are too injured to fight recklessly!
You are too injured to fight recklessly!
You are too injured to fight recklessly!
You shoot a sling bullet.
The sling bullet closely misses the adder.
The adder misses you. x2
You shoot a sling bullet.
The sling bullet barely misses the adder.
The adder bites you but does no damage. The adder misses you.
You shoot a sling bullet. The sling bullet hits the adder.
The adder is heavily wounded.
The adder bites you.
You are poisoned.
The adder poisons you!
You shoot a sling bullet.
The sling bullet closely misses the adder.
You feel sick. The adder closely misses you. The adder misses you.
You shoot a sling bullet.
The sling bullet barely misses the adder.
You feel sick. The adder completely misses you. The adder misses you.
You shoot a sling bullet. The sling bullet misses the adder.
You feel sick. The adder closely misses you.
You shoot a sling bullet.
The sling bullet barely misses the adder.
You feel sick. The adder closely misses you. The adder barely misses you.
You shoot a sling bullet.
The sling bullet closely misses the adder.
You feel sick.
You are no longer poisoned.
The adder bites you.
* * * LOW HITPOINT WARNING * * *
The adder bites you.
You die...

... ##..# ...
....####.# ....
#........# .....
+........#
.....##........#
................
.......S......#
....###@......#
..............#
....####..†#+##
.. #...#
#...######
##.......#
###..####.#
#....##.#.#
#.#.....#.#


You could see an adder.

Vanquished Creatures
  A dart slug (D:1)
  2 bats (D:1)
  4 endoplasms (D:1)
  A hobgoblin (D:2)
  A quokka (D:1)
  4 ball pythons
  A goblin (D:1)
  2 rats (D:1)
16 creatures vanquished.

Notes
Turn   | Place    | Note
-------+----------+-------------------------------------------
     0 | D:1      | anansati the Vampire Hexslinger began the quest for the
                  | Orb.
     0 | D:1      | Reached XP level 1. HP: 14/14 MP: 2/2
   119 | D:1      | Reached skill level 1 in Fighting
   223 | D:1      | Reached XP level 2. HP: 20/21 MP: 3/3
   909 | D:2      | Slain by an adder

Illustrated notes

Levels and vault maps discovered:
D:1:      ncdulo_halloftheorcs, layout_basic, serial_corexii_hall,
          corexii_hall_statues_deadend, corexii_hall_statues_l,
          chequers_hall_statues_y, chequers_hall_statues_wall_a
D:2:      layout_basic, serial_shops, nicolae_shop_back_alley_shop,
          uniq_jessica, uniq_terence

Skill      XL: |  1  2 |
---------------+-------+-----
Fighting       | 1 |  1.2
Ranged Weapons | 2 |  2.0
Dodging        | |  2.5
Spellcasting   | |  1.0
Hexes          | |  4.7

Action                     || total
---------------------------++-------
   Fire: Sling             ||    56
 Armour: Robe              ||     9
  Dodge: Dodged            ||    20

Table legend: (Time is in decaauts)
 A = Elapsed time spent in this place.
 B = Non-inter-level travel time spent in this place.
 C = Inter-level travel time spent in this place.
 D = Time resting spent in this place.
 E = Time spent auto-exploring this place.
 F = Levels seen in this place.
 G = Mean time per level.
                   A        B        C        D        E       F      G
               +--------+--------+--------+--------+--------+-----+--------+
         Total |    925 |    855 |     70 |      0 |    750 |   2 |  462.5 |
       Dungeon |    925 |    855 |     70 |      0 |    750 |   2 |  462.5 |
               +--------+--------+--------+--------+--------+-----+--------+

Top non-repeatable levels by time:
     D:1: 845 daAuts
     D:2: 80 daAuts
